 Dungeon Crawl Stone Soup version 0.31-a0-95-g6fa058ef04 (webtiles) character file.

Game seed: 4437577196940910509

355 Flugkiller the Sneak (level 6, -1/56 HPs)
             Began as a Naga Hexslinger on May 25, 2023.
             Was a Follower of Uskayaw.
             Slain by a gnoll sergeant
             ... wielding a +0 spear
              (7 damage)
             ... on level 4 of the Dungeon.
             The game lasted 00:08:03 (3365 turns).

Flugkiller the Sneak (Naga Hexslinger)              Turns: 3365, Time: 00:08:03

Health: -1/56      AC:  5    Str: 16    XL:     6   Next: 63%
Magic:  2/3        EV:  6    Int: 13    God:    Uskayaw [*.....]
Gold:   259        SH:  0    Dex: 21    Spells: 8/9 levels left

rFire   . . .        w - +9 dagger of the Charming Gods {antimagic, rElec rCorr Dex+5}
rCold   + . .        A - orb {guile}
rNeg    . . .        c - +0 robe
rPois   +            k - +1 helmet {SInv}
rElec   +            (no cloak)
rCorr   +            (no gloves)
SInv    +            (no barding)
Will    .....        (no amulet)
Stlth   +++          d - +6 ring of strength
HPRegen 0.29/turn    p - ring of protection from cold
MPRegen 0.08/turn

%: no passive effects
@: held, very slow
A: AC +2, large, see invisible, deformed body, poison resistance, slowness 2,
spit poison 1, naga tail 1
a: Spit Poison, Renounce Religion, Stomp


You were on level 4 of the Dungeon.
You worshipped Uskayaw.
Uskayaw was noncommittal.
You visited 1 branch of the dungeon, and saw 4 of its levels.

You collected 259 gold pieces.

Inventory:

Hand Weapons
 a - a +1 sling
 m - a +0 rapier
   (You found it on level 2 of the Dungeon)
 w - the +9 dagger of the Charming Gods (weapon) {antimagic, rElec rCorr Dex+5}
   (You found it on level 3 of the Dungeon)

   Dex:       It affects your dexterity (+5).
   rElec:     It insulates you from electricity.
   rCorr:     It protects you from acid and corrosion.
 x - a +2 dagger of electrocution
   (You took it off a goblin on level 2 of the Dungeon)
Missiles
 e - 10 poisoned darts (quivered)
Armour
 c - a +0 robe (worn)
 k - a +1 helmet of see invisible (worn)
   (You found it on level 1 of the Dungeon)
 A - an orb of guile (worn)
   (You found it on level 3 of the Dungeon)
Jewellery
 d - a +6 ring of strength (left hand)
   (You found it on level 1 of the Dungeon)
 g - a ring of ice
   (You found it on level 1 of the Dungeon)
 p - a ring of protection from cold (right hand)
   (You took it off a hobgoblin on level 3 of the Dungeon)
Wands
 B - a wand of flame (15)
   (You found it on level 4 of the Dungeon)
Scrolls
 b - 2 scrolls of poison
 f - a scroll of vulnerability {unknown}
 i - 2 scrolls of fog
 t - 2 scrolls of teleportation
 u - a scroll of immolation
 v - a scroll of magic mapping {unknown}
 y - a scroll of acquirement {unknown}
 C - a scroll of amnesia {unknown}
Potions
 h - 2 potions of haste
 l - a potion of lignification {unknown}
 n - 2 potions of resistance
 o - 2 potions of degeneration {unknown}
 q - 3 potions of curing
 s - a potion of attraction {unknown}


   Skills:
 + Level 3.0 Fighting
 + Level 2.0 Short Blades
 - Level 1.7 Ranged Weapons
 + Level 2.2 Dodging
 + Level 5.7 Stealth
 + Level 2.0 Spellcasting
 + Level 3.6 Hexes


You had 8 spell levels left.
You knew the following spells:

 Your Spells              Type           Power      Damage    Failure   Level
a - Slow                  Hex            40%        N/A       6%          1

Your spell library contained the following spells:

 Spells                   Type           Power      Damage    Failure   Level
 Confusing Touch          Hex            10%        N/A       17%         3
 Kiss of Death            Conj/Necr      0%         2d5       28%         1
 Poisonous Vapours        Pois/Air       0%         N/A       38%         2
 Inner Flame              Hex/Fire       5%         N/A       38%         3
 Portal Projectile        Hex/Tloc       10%        N/A       38%         3
 Cause Fear               Hex            5%         N/A       50%         4
 Mephitic Cloud           Conj/Pois/Air  0%         N/A       65%         3
 Dispel Undead            Necr           1%         3d6       94%         4
 Freezing Cloud           Conj/Ice/Air   0%         6-21      100%        5


Dungeon Overview and Level Annotations

Branches:
Dungeon (4/15) Zot: 19787
 Temple: D:4-7

Altars:
Uskayaw

Shops:
D:4 [

Annotations:
D:4 Sigmund


Innate Abilities, Weirdness & Mutations

Your serpentine skin is tough. (AC +2)
You have supernaturally acute eyesight. (SInv)
Armour fits poorly on your strangely shaped body.
Your system is resistant to poisons. (rPois)
You cover ground very slowly.
You can spit poison.
You have a snake-like lower body.


Message History

The gnoll throws a throwing net.
The throwing net closely misses you.
The gnoll sergeant shouts!
You see here a throwing net.
j - a throwing net Throw: throwing net
Press: ? - help, Q - select action, (/) - cycle Shift-Dir - straight line, f - gnoll sergeant
Aim: a gnoll sergeant, wielding a +0 spear, wearing a +0 scale mail and wearing a +0 kite shield (73% to hit)
You throw a throwing net.
The gnoll sergeant blocks the throwing net.
The gnoll sergeant hits you but does no damage.
Throw: 11 darts (poison)
Press: ? - help, Q - select action, (/) - cycle Shift-Dir - straight line, f/p - gnoll sergeant
Aim: a gnoll sergeant, wielding a +0 spear, wearing a +0 scale mail and wearing a +0 kite shield (73% to hit)
You throw a poisoned dart.
The gnoll sergeant blocks the poisoned dart.
You hear a shout!
The gnoll sergeant hits you with a +0 spear.
Casting: Slow (safe; 6% risk of failure)
Confirm with . or Enter, or press ? or * to list all spells.
Aiming: Slow (safe; 6% risk of failure)
Press: ? - help, Shift-Dir - straight line, f/p - gnoll sergeant
Aim: a gnoll sergeant, wielding a +0 spear, wearing a +0 scale mail and wearing a +0 kite shield (chance to affect: 62%)
The gnoll sergeant seems to slow down.
The gnoll hits you from afar with a +0 spear!
The gnoll sergeant barely misses you.
You hit the gnoll sergeant.
The gnoll sergeant is moderately wounded.
The gnoll misses you. The gnoll sergeant blocks your attack.
The gnoll sergeant is moderately wounded.
The gnoll sergeant completely misses you.
The gnoll hits you from afar with a +0 spear!
You puncture the gnoll sergeant!
The gnoll sergeant is severely wounded.
The gnoll hits you from afar with a +0 spear.
You can now pass through a line of other dancers.
You hit the gnoll sergeant but do no damage.
The gnoll sergeant is severely wounded.
The gnoll hits you from afar with a +0 spear.
You hit the gnoll sergeant.
The gnoll sergeant is almost dead.
The gnoll sergeant hits you with a +0 spear.
The gnoll hits you but does no damage.
The gnoll hits you from afar with a +0 spear.
You hit the gnoll sergeant but do no damage.
The gnoll sergeant is almost dead.
The gnoll sergeant closely misses you.
The gnoll sergeant is no longer moving slowly.
The gnoll completely misses you. The gnoll sergeant barely misses you.
Casting: Slow (safe; 6% risk of failure)
Confirm with . or Enter, or press ? or * to list all spells.
Aiming: Slow (safe; 6% risk of failure)
Press: ? - help, Shift-Dir - straight line, f - gnoll
Aim: a gnoll, wielding a +0 flail and quivering a throwing net (chance to affect: 62%)
The gnoll seems to slow down.
The gnoll sergeant blocks your attack.
The gnoll sergeant is almost dead.
The gnoll closely misses you.
You can no longer pass through a line of other dancers.
The gnoll sergeant blocks your attack.
The gnoll sergeant is almost dead.
The gnoll closely misses you.
The gnoll sergeant hits you with a +0 spear!
* * * LOW HITPOINT WARNING * * *
You feel better. The gnoll barely misses you.
The gnoll hits you with a +0 flail!
* * * LOW HITPOINT WARNING * * *
The gnoll sergeant hits you with a +0 spear.
* * * LOW HITPOINT WARNING * * *
Blink to where?
Press: ? - help, Dir - move target, p - gnoll
Okay, then.
Okay, then.
Okay, then.
Blink to where?
Press: ? - help, Dir - move target, p - gnoll
As you read the scroll of blinking, it crumbles to dust.
The gnoll throws a throwing net.
The throwing net hits you.
You become entangled in the net!
Aiming: Throw Flame
Press: ? - help, Shift-Dir - straight line, f - gnoll sergeant
Aim: a gnoll sergeant, wielding a +0 spear, wearing a +0 scale mail and wearing a +0 kite shield (almost dead, 81% to hit)
The puff of flame hits the gnoll sergeant.
The gnoll sergeant is almost dead.
Aiming: Throw Flame
Press: ? - help, Shift-Dir - straight line, f/p - gnoll sergeant
Aim: a gnoll sergeant, wielding a +0 spear, wearing a +0 scale mail and wearing a +0 kite shield (almost dead, 81% to hit)
The puff of flame hits the gnoll sergeant but does no damage.
The gnoll sergeant is almost dead.
Aiming: Throw Flame
Press: ? - help, Shift-Dir - straight line, f/p - gnoll sergeant
Aim: a gnoll sergeant, wielding a +0 spear, wearing a +0 scale mail and wearing a +0 kite shield (almost dead, 81% to hit)
The gnoll sergeant blocks the puff of flame.
Aiming: Throw Flame
Press: ? - help, Shift-Dir - straight line, f/p - gnoll sergeant
Aim: a gnoll sergeant, wielding a +0 spear, wearing a +0 scale mail and wearing a +0 kite shield (almost dead, 81% to hit)
The puff of flame hits the gnoll sergeant but does no damage.
The gnoll sergeant is almost dead.
The gnoll sergeant hits you from afar with a +0 spear!
You die...

.......>........#†###..........<.
#####..#........#...##.....#.....
### #.##........##.........##....
..###.#...#.....#...........#####
..........##...................#.
..........##...###...............
####......##....##.#.......##....
###..........#....#....#####...
#.#...........@...#.##.....#...
###..............#....#......#...
.#............g..##.............#
............).........#......##.#
.........##.g.<..####.#.##....#..
.........##.g......###...#)......
........)..............>#........
###).#.g##..#.#.........#..##....
.#...##.#...###.......##.#.......


You could see a gnoll sergeant and 2 gnolls.

Vanquished Creatures
  2 scorpions
  An orc priest (D:3)
  2 orc wizards (D:3)
  4 adders
  A gnoll (D:3)
  4 worms
  A dart slug (D:1)
  5 orcs (D:3)
  7 bats
  8 endoplasms
  4 giant cockroaches
  16 goblins
  8 hobgoblins
  4 jackals
  7 kobolds
  2 quokkas
  7 ball pythons
  5 frilled lizards
  6 rats
94 creatures vanquished.

Notes
Turn   | Place    | Note
-------+----------+-------------------------------------------
     0 | D:1      | Flugkiller the Naga Hexslinger began the quest for the Orb.
     0 | D:1      | Reached XP level 1. HP: 18/18 MP: 2/2
    41 | D:1      | Reached skill level 1 in Stealth
    73 | D:1      | Reached skill level 2 in Stealth
   150 | D:1      | Reached XP level 2. HP: 24/25 MP: 3/3
   382 | D:1      | Reached skill level 3 in Stealth
   382 | D:1      | Reached XP level 3. HP: 32/32 MP: 4/4
   645 | D:2      | Reached skill level 4 in Stealth
   996 | D:2      | Reached XP level 4. HP: 25/39 MP: 3/5
  1068 | D:2      | Found a hide-covered altar of Uskayaw.
  1080 | D:2      | Became a worshipper of Uskayaw the Reveller
  1195 | D:2      | Reached * piety under Uskayaw
  1360 | D:2      | Found a faded altar of an unknown god.
  1621 | D:3      | Reached ** piety under Uskayaw
  1633 | D:3      | Reached skill level 1 in Short Blades
  1639 | D:3      | Reached skill level 5 in Stealth
  1639 | D:3      | Reached XP level 5. HP: 16/46 MP: 4/6
  1641 | D:3      | Reached *** piety under Uskayaw
  2065 | D:3      | Identified the +9 dagger of the Charming Gods {antimagic,
                  | rElec rCorr Dex+5}
  2674 | D:4      | Reached XP level 6. HP: 37/55 MP: 1/8
  2839 | D:4      | Found Etoefouh's Antique Armour Shop.
  3317 | D:4      | Noticed Sigmund
  3365 | D:4      | Slain by a gnoll sergeant

Illustrated notes

Levels and vault maps discovered:
D:1:      minmay_arrival_shattered_statue, layout_basic
D:2:      layout_loops_ring, hellmonk_ecumenical_altar_blasted, basic_altar
D:3:      layout_loops_ring, minmay_goblin_outpost
D:4:      layout_cave_pools, serial_shops, nicolae_shop_hallway_stairs,
          corexii_hall_statues_x, grunt_ministairs_10, lightli_minifort,
          uniq_crazy_yiuf_cottage, uniq_sigmund

Skill      XL: |  1  2  3  4  5  6 |
---------------+-------------------+-----
Stealth        | 2 3 4 5 |  5.7
Fighting       | 2 3 |  3.0
Short Blades   | 1 2 |  2.0
Dodging        | 2 |  2.2
Spellcasting   | 2 |  2.0
Ranged Weapons | |  1.7
Hexes          | |  3.6

Action                     |  1- 3 |  4- 6 || total
---------------------------+-------+-------++-------
  Melee: Dagger            |    16 |   155 ||   171
   Fire: Sling             |    97 |       ||    97
  Throw: Dart              |     1 |     1 ||     2
         Throwing net      |       |     1 ||     1
   Cast: Slow              |     4 |    15 ||    19
Ability: Spit Poison       |     8 |     3 ||    11
  Evoke: Wand              |       |     4 ||     4
    Use: Potion            |       |     4 ||     4
         Scroll            |       |     7 ||     7
   Stab: Sleeping          |     2 |     6 ||     8
         Distracted        |       |     1 ||     1
 Armour: Robe              |    10 |    52 ||    62
  Dodge: Dodged            |    37 |    93 ||   130

Table legend: (Time is in decaauts)
 A = Elapsed time spent in this place.
 B = Non-inter-level travel time spent in this place.
 C = Inter-level travel time spent in this place.
 D = Time resting spent in this place.
 E = Time spent auto-exploring this place.
 F = Levels seen in this place.
 G = Mean time per level.
                   A        B        C        D        E       F      G
               +--------+--------+--------+--------+--------+-----+--------+
         Total |   4211 |   4128 |     83 |    866 |   1999 |   4 | 1052.8 |
       Dungeon |   4211 |   4128 |     83 |    866 |   1999 |   4 | 1052.8 |
               +--------+--------+--------+--------+--------+-----+--------+

Top non-repeatable levels by time:
     D:3: 1633 daAuts
     D:2: 1235 daAuts
     D:1: 755 daAuts
     D:4: 587 daAuts
